 Dungeon Crawl Stone Soup version 0.23.2-40-g277498a001 (webtiles) character file.

Game seed: 5075499425068784436

74 Exodus22XD the Magician (level 4, -5/30 HPs)
             Began as a Mummy Ice Elementalist on Sept 11, 2019.
             Slain by Terence
             ... wielding a +0 vampiric trident
              (10 damage)
             ... on level 2 of the Dungeon.
             The game lasted 00:03:27 (1546 turns).

Exodus22XD the Magician (Mummy Ice Elementalist)    Turns: 1546, Time: 00:03:28

Health: -5/30      AC:  2    Str: 11    XL:     4   Next: 9%
Magic:  1/10       EV: 12    Int: 15    God:
Gold:   97         SH:  0    Dex: 12    Spells: 7/11 levels left

rFire    x . .     SeeInvis .   f - +2 dagger (venom)
rCold    + . .     Gourm    .   (no shield)
rNeg     + + +     Faith    .   a - +0 robe
rPois    ∞         Spirit   .   (no helmet)
rElec    .         Reflect  .   (no cloak)
rCorr    .         Harm     .   (no gloves)
MR       .....                  (no boots)
Stlth    ++........             (no amulet)
HPRegen  0.10/turn              (no ring)
MPRegen  0.12/turn              (no ring)

@: very slightly contaminated
A: no food or potions, fire vulnerability, cold resistance 1, negative energy
resistance 3, torment resistance, unbreathing
a: no special abilities


You were on level 2 of the Dungeon.
You were not hungry.

You visited 1 branch of the dungeon, and saw 2 of its levels.

You collected 97 gold pieces.

Inventory:

Hand Weapons
 f - a +2 dagger of venom (weapon)
Armour
 a - a +0 robe (worn)
Scrolls
 b - a scroll of random uselessness {unknown}
 c - 3 scrolls of identify {unknown}
 d - a scroll of teleportation {unknown}
 e - a scroll of amnesia {unknown}
 g - a scroll of noise {unknown}
 h - a scroll of fear {unknown}


   Skills:
 - Level 1.7 Dodging
 - Level 1.7 Stealth
 * Level 4.1 Spellcasting
   Level 0.7 Conjurations
 * Level 3.3 Ice Magic


You had 7 spell levels left.
You knew the following spells:

 Your Spells              Type           Power        Failure   Level  Hunger
a - Freeze                Ice            ##..         4%          1    N/A
b - Ozocubu's Armour      Chrm/Ice       #.......     26%         3    N/A

Your spell library contained the following spells:

 Spells                   Type           Power        Failure   Level  Hunger
 Throw Frost              Conj/Ice       #.....       12%         2    N/A
 Throw Icicle             Conj/Ice       #.......     61%         4    N/A
 Summon Ice Beast         Ice/Summ       #.......     65%         4    N/A

Dungeon Overview and Level Annotations

Branches:
Dungeon (2/15)

Altars:
Xom

Annotations:
D:2 1 runed translucent door, Crazy Yiuf, Terence


Innate Abilities, Weirdness & Mutations

You do not eat or drink.
Your flesh is vulnerable to fire.
You are immune to poison.
Your flesh is cold resistant. (rC+)
You are immune to negative energy. (rN+++)
You are immune to unholy pain and torment.
You can survive without breathing.


Message History

Press: ? - help, Shift-Dir - straight line, f/p - Terence
Aim: Terence, wielding a +0 vampiric trident and wearing a +0 chain mail (heavily wounded)
You miscast Freeze.
Nothing appears to happen.
Casting: Freeze (safe; 4% risk of failure)
Confirm with . or Enter, or press ? or * to list all spells.
Aiming: Freeze (safe; 4% risk of failure)
Press: ? - help, Shift-Dir - straight line, f/p - Terence
Aim: Terence, wielding a +0 vampiric trident and wearing a +0 chain mail (heavily wounded)
You freeze Terence.
Terence is heavily wounded.
Terence closely misses you.
Casting: Freeze (safe; 4% risk of failure)
Confirm with . or Enter, or press ? or * to list all spells.
Aiming: Freeze (safe; 4% risk of failure)
Press: ? - help, Shift-Dir - straight line, f/p - Terence
Aim: Terence, wielding a +0 vampiric trident and wearing a +0 chain mail (heavily wounded)
You freeze Terence.
Terence is severely wounded.
Terence hits you with a +0 vampiric trident!
You die...

# #####..#.## # ..
#######.#..####### # ...
#..............!.# #
.... #.####...#.#####.#
# ...###.# #.....#####.#
#
###.....####...........#
#
#.........#####....#####
# #......@..# #.......#
#......@..# #.#..####
#####.....####.##.## ##
#..........##.># #.
#.....##....##.####.
####...#....##...... ##
###.#...8..######.# (#
#...#..⌠..## #.#.. .#
#.####..8.#####.... .#
#.##.......##...###


You could see Terence.

Vanquished Creatures
  Jessica (D:2)
  2 adders (D:2)
  An ooze (D:2)
  A dart slug (D:1)
  4 bats
  A giant cockroach (D:1)
  4 goblins
  2 hobgoblins
  5 kobolds
  A frilled lizard (D:1)
  4 rats
26 creatures vanquished.

Notes
Turn   | Place    | Note
-------+----------+-------------------------------------------
     0 | D:1      | Exodus22XD the Mummy Ice Elementalist began the quest for
                  | the Orb.
     0 | D:1      | Reached XP level 1. HP: 13/13 MP: 4/4
    56 | D:1      | You fall through a shaft!
   206 | D:2      | Noticed Jessica
   212 | D:2      | Killed Jessica
   212 | D:2      | Reached skill level 3 in Spellcasting
   212 | D:2      | Reached XP level 2. HP: 18/19 MP: 1/6
   212 | D:2      | Reached XP level 3. HP: 23/24 MP: 1/8
   546 | D:1      | Reached skill level 4 in Spellcasting
   719 | D:1      | Reached XP level 4. HP: 25/30 MP: 8/10
  1370 | D:2      | Found a shimmering altar of Xom.
  1424 | D:2      | Found a runed translucent door.
  1425 | D:2      | Noticed Crazy Yiuf
  1510 | D:2      | Noticed Terence
  1516 | D:2      | Learned a level 3 spell: Ozocubu's Armour
  1546 | D:2      | Slain by Terence

Skill      XL: |  1  2  3 |
---------------+----------+-----
Spellcasting   | 3 4 |  4.1
Ice Magic      | 3 |  3.3
Dodging        | |  1.7
Stealth        | |  1.7
Conjurations   | |  0.7

Action                   |  1- 3 |  4- 6 || total
-------------------------+-------+-------++-------
Melee: Dagger            |     6 |     3 ||     9
 Cast: Freeze            |    35 |    10 ||    45
Armor: Robe              |     6 |     1 ||     7
Dodge: Dodged            |    38 |     5 ||    43
